 Dungeon Crawl Stone Soup version 0.24-a0-139-geb6712d (webtiles) character file.

Game seed: 8567554268525046015

505 Anon1729 the Ducker (level 6, 27/27 HPs)
             Began as a Felid Earth Elementalist on Mar 2, 2019.
             Quit the game on level 5 of the Dungeon.
             The game lasted 00:17:22 (10947 turns).

Anon1729 the Ducker (Felid Earth Elementalist)     Turns: 10947, Time: 00:17:22

Health: 27/27      AC:  2    Str:  4    XL:     6   Next: 96%
Magic:  13/13      EV: 21    Int: 17    God:
Gold:   241        SH:  3    Dex: 18    Spells: 3/13 levels left
                                        Lives:  0   Deaths: 2

rFire    . . .     SeeInvis +     - Unarmed
rCold    + . .     Gourm    .   (shield unavailable)
rNeg     . . .     Faith    .   (armour unavailable)
rPois    .         Spirit   .   (helmet unavailable)
rElec    .         Reflect  +   (cloak unavailable)
rCorr    .         Harm     .   (gloves unavailable)
MR       .....                  (boots unavailable)
Stlth    ++++......             l - +3 amulet of reflection
HPRegen  0.09/turn              (no ring)
MPRegen  0.13/turn              m - ring of protection from cold

@: quick
A: very small, no armour, no weapons or thrown items, stealth, claws 1, fangs 3,
see invisible, carnivore, speed 1, shaggy fur 2, slow metabolism 1, sharp paws
a: no special abilities


You were on level 5 of the Dungeon.
You were not hungry.

You visited 1 branch of the dungeon, and saw 6 of its levels.
You also visited: Ossuary.

You collected 241 gold pieces.

Inventory:

Missiles
 b - 37 stones
Jewellery
 l - a +3 amulet of reflection (around neck)
 m - a ring of protection from cold (right paw)
 u - an uncursed ring of wizardry {unknown}
Wands
 v - a wand of paralysis (1)
Scrolls
 e - a scroll of amnesia
 k - 3 scrolls of teleportation
 n - a scroll of noise {unknown}
 p - a scroll of enchant armour {unknown}
 r - 2 scrolls of immolation
 s - 2 scrolls of identify
 t - 2 scrolls of random uselessness {unknown}
 w - a scroll of blinking {unknown}
Potions
 a - a potion of cancellation {unknown}
 d - 4 potions of resistance
 f - a potion of heal wounds {unknown}
 g - 2 potions of flight {unknown}
 h - 3 potions of curing {unknown}
 i - 2 potions of magic {unknown}
 j - 2 potions of haste {unknown}
 o - 2 potions of brilliance {unknown}
 q - 4 potions of agility {unknown}
 x - a potion of lignification {unknown}
Comestibles
 c - 11 rations


   Skills:
 + Level 2.5 Fighting
 + Level 5.5 Dodging
 + Level 5.4 Stealth
 + Level 5.2 Unarmed Combat
 + Level 4.2 Spellcasting
 - Level 1.8 Conjurations
 + Level 2.6 Transmutations
 + Level 5.0 Earth Magic


You had 3 spell levels left.
You knew the following spells:

 Your Spells              Type           Power        Failure   Level  Hunger
a - Sandblast             Erth           ###...       1%          1    None
b - Passwall              Tmut/Erth      ###.....     4%          2    ##.....
c - Stone Arrow           Conj/Erth      ###...       12%         3    ###....
d - Petrify               Tmut/Erth      ###.....     30%         4    ####...

Your spell library contained the following spells:

 Spells                   Type           Power        Failure   Level  Hunger
 Lee's Rapid Deconstruct  Erth           ###.......   47%         5    ######.


Dungeon Overview and Level Annotations

Branches:
Dungeon (6/15)
 Temple: D:4-7

Altars:
Fedhas


Innate Abilities, Weirdness & Mutations

You cannot wear armour.
You are incapable of wielding weapons or throwing items.
Your paws allow you to move quietly. (Stealth)
You have sharp claws.
You have razor-sharp teeth.
You have supernaturally acute eyesight. (SInv)
You are carnivorous and can eat meat at any time.
You cover ground quickly.
You are covered in thick fur. (AC +2)
You have a slow metabolism.
Your sharp claws are effective at attacking unaware monsters.


Message History

There is a stone staircase leading down here.
Evoke which item? (* to show all) (? for menu, Esc to quit)
Aiming: Paralyse
Press: ? - help, Shift-Dir - straight line, f/p - ice beast
Aim: an ice beast (chance to defeat MR: 46%)
The ice beast suddenly stops moving!
You are too injured to fight recklessly!
You are too injured to fight recklessly!
You pounce on the unaware helpless ice beast!
You mangle the ice beast!!
You kill the ice beast!
Your Earth Magic skill increases to level 5!
You scratch the orc. Your bite misses the orc.
The orc is moderately wounded.
The orc hits you with a +0 flail!
You die...
You are now level 6!
You rejoin the land of the living...
Unknown command.
Are you sure you want to abandon this character and quit the game? (Confirm with "yes".)

#..##..# #.# #.##...# #.#
###...## #.# ##...##
#.############# #...##
#.............# #..##
#####.#######.### # #.## #.#
#.....# # #.# #.# ##.###.####
# #.# #@# #..# #....# #
#.############.# #..###.##.#
# #..............#
#.>[...##.# #
##############.####.##.####.#
# #.........####.###
###...............
#...#######..... ##.## #..###
#.# ##.....


There were no monsters in sight!

Vanquished Creatures
  Duvessa (D:4)
  An ice beast (D:5)
  A sky beast (D:5)
  A black bear (D:5)
  A centaur (D:5)
  3 ogres
  An elf zombie (Ossuary)
  A bullfrog (D:6)
  Dowan (D:4)
  A scorpion (D:6)
  A howler monkey (D:6)
  2 human zombies (Ossuary)
  A jelly (D:5)
  An orc priest (D:5)
  3 orc wizards
  An iguana (D:6)
  2 worker ants
  A big kobold zombie (Ossuary)
  2 mummies (Ossuary)
  7 adders
  2 shadow imps
  An adder zombie (Ossuary)
  3 worms
  4 dart slugs
  4 leopard geckos
  12 orcs
  5 bats
  12 goblins
  6 hobgoblins
  A quokka (D:3)
  2 ball pythons
  13 frilled lizards
  A goblin zombie (D:5)
  10 hobgoblin zombies (Ossuary)
  7 kobolds
  9 kobold zombies (Ossuary)
  11 orc zombies (Ossuary)
  A quokka zombie (D:5)
  20 rats
157 creatures vanquished.

Notes
Turn   | Place    | Note
-------+----------+-------------------------------------------
     0 | D:1      | Anon1729 the Felid Earth Elementalist began the quest for
                  | the Orb.
     0 | D:1      | Reached XP level 1. HP: 7/7 MP: 4/4
   549 | D:1      | Reached XP level 2. HP: 5/11 MP: 6/6
   852 | D:1      | Learned a level 2 spell: Passwall
  1876 | D:1      | Reached XP level 3. HP: 14/14 MP: 7/7
  2145 | D:1      | Learned a level 3 spell: Stone Arrow
  2700 | D:2      | Reached skill level 1 in Unarmed Combat
  3868 | D:2      | Reached XP level 4. HP: 18/18 MP: 8/8
  5213 | D:3      | Reached XP level 5. HP: 18/21 MP: 9/9
  5742 | D:4      | Noticed an ogre
  5747 | D:4      | Killed an ogre
  5759 | D:4      | Noticed Dowan
  5795 | D:4      | Noticed Duvessa
  5818 | D:4      | Killed Duvessa
  5818 | D:4      | Gained mutation: You are covered in thick fur. (AC +2)
                  | [Felid growth]
  5818 | D:4      | Reached XP level 6. HP: 12/25 MP: 0/11
  6006 | D:4      | Killed Dowan
  6698 | D:5      | Entered Level 5 of the Dungeon
  6761 | D:5      | Noticed a sky beast
  6771 | D:5      | Killed a sky beast
  6771 | D:5      | Reached skill level 1 in Conjurations
  6771 | D:5      | Reached XP level 7. HP: 11/28 MP: 2/13
  6847 | D:5      | Found a sand-covered staircase.
  6935 | Ossuary  | Entered an ossuary
  7682 | Ossuary  | Reached skill level 1 in Fighting
  8291 | D:5      | Learned a level 4 spell: Petrify
  8461 | D:5      | Found a blossoming altar of Fedhas.
  8838 | D:5      | Reached XP level 8. HP: 26/33 MP: 1/14
  8972 | D:5      | Reached skill level 5 in Dodging
  9213 | D:5      | Killed from afar by an orc priest
  9214 | D:5      | Reached XP level 7. HP: -2/29 MP: 6/13
 10015 | D:6      | Reached skill level 5 in Stealth
 10015 | D:6      | Reached skill level 5 in Unarmed Combat
 10025 | D:6      | HP: 1/30 [iguana (11)]
 10945 | D:5      | Reached skill level 5 in Earth Magic
 10946 | D:5      | Slain by an orc
 10947 | D:5      | Reached XP level 6. HP: -1/27 MP: 13/13
 10947 | D:5      | Quit the game

Levels and vault maps discovered:
D:1:      dpeg_arrival_ratfight, layout_basic, minmay_strange_pillars,
          minmay_lizard_king
D:2:      layout_loops_ring, first_ration, amethyst_killhole
D:3:      layout_basic, lemuel_statue_altar
D:4:      layout_rooms, uniq_duvessa
D:5:      black_bear_nest_2, layout_loops_ring, enter_ossuary_4, fedhas_altar_1
D:6:      layout_gridville
Ossuary:  ossuary_tomb_1

Skill      XL: |  1  2  3  4  5  6  7  8 |
---------------+-------------------------+-----
Earth Magic    | 3 4 5 |  5.0
Stealth        | 3 5 |  5.4
Dodging        | 3 4 5 |  5.5
Unarmed Combat | 1 2 3 5 |  5.2
Spellcasting   | 3 4 |  4.2
Conjurations   | 1 |  1.8
Fighting       | 2 |  2.5
Transmutations | 2 |  2.6

Action                   |  1- 3 |  4- 6 |  7- 9 || total
-------------------------+-------+-------+-------++-------
Melee: Unarmed           |   168 |   110 |   284 ||   562
       Bite              |     5 |     3 |    38 ||    46
       Punch             |       |     1 |     7 ||     8
 Cast: Sandblast         |    22 |    31 |    46 ||    99
       Stone Arrow       |     2 |    10 |     7 ||    19
Evoke: Wand              |       |       |     5 ||     5
  Use: Scroll            |       |       |     5 ||     5
 Stab: Sleeping          |     8 |     3 |     8 ||    19
       Paralysed         |       |       |     3 ||     3
       Distracted        |       |       |     1 ||     1
  Eat: Chunk             |    13 |     7 |    10 ||    30
Armor: Skin              |     9 |    11 |    15 ||    35
Dodge: Dodged            |   117 |    97 |   261 ||   475
Block: Other             |     5 |    11 |    31 ||    47
       Reflection        |       |     1 |       ||     1

Table legend:
 A = Non-vault XP
 B = Vault XP
 C = Vault XP percentage of total XP
 D = Non-vault monster count
 E = Vault monster count
 F = Vault count percentage of total count
                 A         B        C        D         E       F
            +---------+---------+-------+---------+---------+-------
      Total |    1521 |     639 |  29.6 |     100 |      57 |  36.3
            +---------+---------+-------+---------+---------+-------
        D:1 |      38 |      17 |  30.9 |      26 |      15 |  36.6
        D:2 |      56 |       0 |   0.0 |      18 |       0 |   0.0
        D:3 |     116 |       0 |   0.0 |      27 |       0 |   0.0
        D:4 |     152 |     216 |  58.7 |       2 |       2 |  50.0
        D:5 |     673 |     123 |  15.5 |      10 |       3 |  23.1
        D:6 |     486 |       0 |   0.0 |      17 |       0 |   0.0
    Ossuary |       0 |     283 | 100.0 |       0 |      37 | 100.0
            +---------+---------+-------+---------+---------+-------
